Map: Orbital Shipyard

Players

dTefel (Tefel)

  • Race: Zerg Zerg
  • League: Grandmaster

MiNiMaTh - Winner!

  • Race: Zerg Zerg
  • League: Grandmaster

Event: DreamHack ZOWIE Open Leipzig

VOD

Have the link to the VOD?

Description

Time

  • Played on: Jan. 22, 2016, 7:43 a.m.
  • Length: 6:31

All games in this series

Show
View Real Time Build Order
Export as new Build Order

dTefel Zerg 

Build Orders: 3 Hatch before Pool, Zergling Baneling 

Get SALT Encoding   

  12  0:00  Drone  
  13  0:07  Drone  
  14  0:17  Overlord  
  14  0:22  Extractor  
  14  0:23  Drone  
  15  0:35  Drone x2  
  17  0:51  Hatchery  
  17  0:54  Drone  
  17  0:57  Drone  
  18  1:17  Hatchery  
  17  1:22  Extractor  
  16  1:32  Spawning Pool  
  15  1:34  Drone  
  15  1:37  Drone  
  17  1:41  Drone  
  18  1:48  Drone  
  19  1:57  Drone  
  20  2:04  Drone  
  20  2:06  Drone  
  22  2:18  Queen x2  
  22  2:20  Zergling x2  
  27  2:24  Metabolic Boost  
  27  2:27  Drone  
  28  2:32  Overlord  
  28  2:35  Drone  
  29  2:39  Drone  
  29  2:41  Drone  
  31  2:44  Drone  
  31  2:48  Drone  
  31  2:51  Baneling Nest  
  32  2:54  Extractor  
  31  3:02  Overlord  
  31  3:04  Zergling x6  
  35  3:07  Zergling x4  
  37  3:18  Drone  
  38  3:20  Zergling x4  
  38  3:21  Zergling x2  
  38  3:23  Spine Crawler, Zergling x2  
  38  3:25  Zergling x2  
  42  3:27  Zergling x2  
  42  3:30  Zergling x2  
  42  3:31  Zergling x2  
  45  3:34  Baneling x3  
  45  3:35  Baneling  
  45  3:37  Baneling  
  45  3:38  Baneling  
  45  3:42  Zergling x2  
  45  3:45  Zergling x4  
  46  3:55  Zergling x2  
  45  3:58  Drone x4  
  49  4:07  Overlord  
  49  4:14  Overlord  
  49  4:15  Lair  
  49  4:16  Overlord  
  49  4:28  Zergling x2  
  49  4:29  Zergling x6  
  53  4:33  Zergling x4  
  53  4:34  Zergling x4  
  52  4:41  Zergling x6  
  52  4:42  Zergling x4  
  57  4:47  Zergling x2  
  57  4:48  Zergling x2  
  57  4:49  Zergling x2  
  57  4:50  Baneling x2  
  58  4:53  Zergling x6  
  58  4:59  Zergling x2  
  58  5:01  Zergling x4  
  58  5:02  Baneling  
  43  5:17  Baneling  
  35  5:26  Zergling x2  
  28  5:32  Zergling x2  
  6  6:17  Baneling  
Show
View Real Time Build Order
Export as new Build Order

MiNiMaTh Zerg - Winner!

Build Orders: Pool First, Zergling Baneling 

Get SALT Encoding   

  12  0:00  Drone  
  13  0:12  Overlord  
  13  0:17  Drone  
  14  0:31  Drone x2  
  14  0:35  Drone  
  17  0:44  Spawning Pool  
  16  0:50  Drone  
  16  0:57  Drone  
  18  0:58  Extractor  
  17  1:09  Drone  
  18  1:18  Hatchery  
  17  1:22  Drone  
  18  1:32  Queen  
  20  1:34  Zergling x2  
  21  1:41  Overlord  
  21  1:52  Zergling x2  
  22  1:59  Metabolic Boost  
  22  2:10  Queen  
  22  2:11  Drone  
  22  2:12  Drone  
  26  2:26  Baneling Nest  
  25  2:33  Zergling x6  
  28  2:40  Zergling x2  
  28  2:42  Zergling x6  
  32  2:44  Zergling x2  
  33  2:54  Zergling x2  
  33  2:55  Zergling x2  
  35  3:02  Zergling x2  
  35  3:09  Zergling x2  
  36  3:14  Overlord  
  36  3:25  Overlord  
  36  3:32  Zergling x6  
  36  3:33  Zergling x6  
  36  3:34  Baneling x3  
  42  3:37  Zergling x2  
  38  3:56  Zergling x12  
  43  4:06  Baneling x4  
  43  4:12  Zergling x6  
  44  4:43  Zergling x6  
  44  4:44  Zergling x10  
  51  4:48  Baneling  
  51  4:50  Baneling x2  
  51  4:51  Zergling x4  
  51  5:02  Zergling x2  
  48  5:08  Zergling x4  
  48  5:10  Zergling x2  
  36  5:22  Zergling x4  
  29  5:32  Zergling x4  
  27  5:41  Zergling x4  
  26  5:46  Zergling x4  
  21  5:57  Zergling x4  
  17  6:12  Drone  
  17  6:14  Drone  

Tags
 
Add a new tag
Caveats
  • Supply blocks, unpowered buildings, or Contaminate may cause inaccurate times.
  • Supply counts are checked every 10 seconds.